 Dungeon Crawl Stone Soup version 0.24-a0-415-g6d73c25 (webtiles) character file.

Game seed: 16533519280397430107

82 Spazmo the Magician (level 4, 0/24 HPs)
             Began as a Deep Elf Wizard on June 7, 2019.
             Killed from afar by an orc wizard (14 damage)
             ... with a puff of flame
             ... on level 3 of the Dungeon.
             The game lasted 00:05:13 (2190 turns).

Spazmo the Magician (Deep Elf Wizard)               Turns: 2190, Time: 00:05:14

Health: 0/24       AC:  2    Str:  3 (4)  XL:     4   Next: 21%
Magic:  6/13       EV: 12    Int: 23 (24) God:
Gold:   159        SH:  0    Dex: 12 (13) Spells: 5/14 levels left

rFire    . . .     SeeInvis .   p - +0 dagger (vamp)
rCold    . . .     Gourm    .   (no shield)
rNeg     . . .     Faith    .   a - +0 robe
rPois    .         Spirit   .   b - +0 hat
rElec    .         Reflect  .   (no cloak)
rCorr    .         Harm     .   (no gloves)
MR       .....                  (no boots)
Stlth    +.........             (no amulet)
HPRegen  0.08/turn              m - ring of attention (curse)
MPRegen  0.13/turn              (no ring)

@: no status effects
A: no striking features
a: no special abilities


You were on level 3 of the Dungeon.
You were not hungry.

You visited 1 branch of the dungeon, and saw 3 of its levels.

You collected 159 gold pieces.

Inventory:

Hand Weapons
 p - a +0 vampiric dagger (weapon)
Missiles
 h - 67 stones (quivered)
Armour
 a - a +0 robe (worn)
 b - a +0 hat (worn)
Jewellery
 m - a cursed ring of attention (left hand)
Scrolls
 j - 3 scrolls of identify
Potions
 c - a potion of might
 f - a potion of curing {unknown}
 g - a potion of magic {unknown}
 l - a potion of mutation {unknown}
Comestibles
 d - 6 rations


   Skills:
 - Level 2.5 Dodging
 - Level 2.5 Stealth
 + Level 5.8 Spellcasting
 + Level 3.1 Conjurations
   Level 1.1 Summonings
 - Level 1.1 Translocations


You had 5 spell levels left.
You knew the following spells:

 Your Spells              Type           Power        Failure   Level  Hunger
a - Magic Dart            Conj           ###.         2%          1    None
b - Blink                 Tloc           N/A          9%          2    None
c - Conjure Flame         Conj/Fire      ##......     14%         3    #......
d - Mephitic Cloud        Conj/Pois/Air  ##......     17%         3    #......

Your spell library contained the following spells:

 Spells                   Type           Power        Failure   Level  Hunger
 Call Imp                 Summ           ##......     9%          2    None
 Slow                     Hex            #.......     13%         2    None


Dungeon Overview and Level Annotations

Branches:
Dungeon (3/15)

Altars:


Message History

The magic dart hits the orc wizard.
The orc wizard is moderately wounded.
Casting: Magic Dart (safe; 2% risk of failure)
Confirm with . or Enter, or press ? or * to list all spells.
Aiming: Magic Dart (safe; 2% risk of failure)
Press: ? - help, Shift-Dir - straight line, f/p - orc wizard
Aim: an orc wizard, wielding a +0 dagger and wearing a +0 robe (moderately wounded)
The magic dart hits the orc wizard.
The orc wizard is heavily wounded.
Casting: Magic Dart (safe; 2% risk of failure)
Confirm with . or Enter, or press ? or * to list all spells.
Aiming: Magic Dart (safe; 2% risk of failure)
Press: ? - help, Shift-Dir - straight line, f/p - orc wizard
Aim: an orc wizard, wielding a +0 dagger and wearing a +0 robe (heavily wounded)
The magic dart hits the orc wizard.
The orc wizard is almost dead.
The orc wizard gestures at you while chanting.
The puff of flame hits you!
Ouch! That really hurt!
You die...

.....#.o
......#[.....#
...!..#......#
.%.#......#
.........#
#.......#
#.......#
#...o...# #
#.##@#
#.##..#.#######
#.............#
#.......#####.#
+.......##
#####
#........#
#.#....
######.#.#
#.#.##.
#####...#
#.#.##.
........##
#.#.##.


You could see an orc wizard.

Vanquished Creatures
  An adder (D:3)
  An ooze (D:1)
  2 worms (D:2)
  2 dart slugs (D:2)
  2 leopard geckos (D:1)
  3 orcs (D:3)
  4 bats
  2 giant cockroaches
  9 goblins
  8 hobgoblins
  3 jackals (D:1)
  4 frilled lizards
  6 kobolds
  5 rats
52 creatures vanquished.

Notes
Turn   | Place    | Note
-------+----------+-------------------------------------------
     0 | D:1      | Spazmo the Deep Elf Wizard began the quest for the Orb.
     0 | D:1      | Reached XP level 1. HP: 10/10 MP: 7/7
   293 | D:1      | Reached XP level 2. HP: 15/15 MP: 6/9
   297 | D:1      | Learned a level 2 spell: Blink
   563 | D:1      | Reached skill level 5 in Spellcasting
   756 | D:1      | Reached XP level 3. HP: 13/19 MP: 8/11
   761 | D:1      | Learned a level 3 spell: Conjure Flame
   765 | D:1      | Learned a level 3 spell: Mephitic Cloud
  2002 | D:3      | Reached XP level 4. HP: 23/24 MP: 9/13
  2190 | D:3      | Killed from afar by an orc wizard

Levels and vault maps discovered:
D:1:      minmay_arrival_widening_spiral_wide, layout_basic, minmay_cupped
D:2:      layout_rooms
D:3:      layout_basic, first_ration, uniq_sigmund, uniq_jessica

Skill      XL: |  1  2  3 |
---------------+----------+-----
Conjurations   | 2 3 |  3.1
Spellcasting   | 5 |  5.8
Dodging        | |  2.5
Stealth        | |  2.5
Summonings     | |  1.1
Translocations | |  1.1

Action                   |  1- 3 |  4- 6 || total
-------------------------+-------+-------++-------
Melee: Club              |     5 |       ||     5
       Short sword       |     3 |       ||     3
 Cast: Magic Dart        |   135 |    19 ||   154
       Conjure Flame     |     1 |       ||     1
  Use: Scroll            |     5 |       ||     5
       Potion            |     2 |       ||     2
  Eat: Chunk             |     3 |     1 ||     4
Armor: Robe              |     5 |       ||     5
Dodge: Dodged            |    25 |     1 ||    26

Table legend:
 A = Non-vault XP
 B = Vault XP
 C = Vault XP percentage of total XP
 D = Non-vault monster count
 E = Vault monster count
 F = Vault count percentage of total count
                 A         B        C        D         E       F
            +---------+---------+-------+---------+---------+-------
      Total |     112 |       6 |   5.1 |      49 |       3 |   5.8
            +---------+---------+-------+---------+---------+-------
        D:1 |      49 |       6 |  10.9 |      25 |       3 |  10.7
        D:2 |      41 |       0 |   0.0 |      20 |       0 |   0.0
        D:3 |      22 |       0 |   0.0 |       4 |       0 |   0.0
            +---------+---------+-------+---------+---------+-------
